 Dungeon Crawl Stone Soup version 0.25-b1-46-gb8a1ec05df (webtiles) character file.

Game seed: 2652809620915428076

47 gruber the Skirmisher (level 3, -4/24 HPs)
             Began as a Gargoyle Gladiator on June 11, 2020.
             Slain by Sigmund
             ... wielding a +3 scythe of protection
              (7 damage)
             ... on level 2 of the Dungeon.
             The game lasted 00:01:33 (1670 turns).

gruber the Skirmisher (Gargoyle Gladiator)          Turns: 1670, Time: 00:01:34

Health: -4/24      AC:  9    Str: 18    XL:     3   Next: 70%
Magic:  3/3        EV: 11    Int:  8    God:
Gold:   66         SH:  0    Dex: 11    Spells: 2/2 levels left

rFire    . . .     SeeInvis .   e - +3 dagger
rCold    . . .     Gourm    .   (no shield)
rNeg     + . .     Faith    .   l - +0 ring mail (curse)
rPois    ∞         Spirit   .   c - +0 helmet
rElec    +         Reflect  .   (no cloak)
rCorr    .         Harm     .   (no gloves)
MR       .....                  (no boots)
Stlth    +.........             (no amulet)
HPRegen  0.08/turn              (no ring)
MPRegen  0.08/turn              (no ring)

@: no status effects
A: negative energy resistance 1, electricity resistance, unbreathing,
petrification resistance, rot immunity, AC +3
a: no special abilities


You were on level 2 of the Dungeon.
You were hungry.

You visited 1 branch of the dungeon, and saw 2 of its levels.

You collected 66 gold pieces.

Inventory:

Hand Weapons
 a - a +0 quarterstaff
 e - a +3 dagger (weapon)
Armour
 b - a +0 leather armour
 c - a +0 helmet (worn)
 l - a cursed +0 ring mail (worn)
Scrolls
 h - a scroll of identify {unknown}
 k - a scroll of noise {unknown}
Potions
 i - a potion of heal wounds
 j - a potion of curing {unknown}
Comestibles
 f - 3 rations


   Skills:
 - Level 4.0 Fighting
 - Level 3.0 Staves
 - Level 1.7 Throwing
 * Level 1.4 Armour
 - Level 2.4 Dodging


You had 2 spell levels left.
You didn't know any spells.
Your spell library was empty.

Dungeon Overview and Level Annotations

Branches:
Dungeon (2/15)

Altars:
Wu Jian

Annotations:
D:2 Sigmund


Innate Abilities, Weirdness & Mutations

You are resistant to torment.
Your stone body is resilient. (AC +3)
You are immune to poison.
You resist negative energy. (rN+)
You are resistant to electric shocks. (rElec)
You can survive without breathing.
You are immune to petrification.
You are immune to rotting.


Message History

The puff of flame hits you.
You closely miss something. Something hits you.
You hit something but do no damage.
You hear some strange, mumbled words.
Something tries to affect you, but you resist.
You hit something but do no damage.
You hear some strange, mumbled words.
Something tries to affect you, but you resist.
You hit something but do no damage.
You hear some strange, mumbled words.
A magic dart appears from out of thin air!
The magic dart hits you!
* * * LOW HITPOINT WARNING * * *
You hit something but do no damage. Something hits you.
* * * LOW HITPOINT WARNING * * *
You miss something. You completely miss something. Something hits you.
* * * LOW HITPOINT WARNING * * *
You closely miss something. Something hits you!
You die...

###.....# #.......+ .
#.#.....# .. #.#(....#
... ##.#.....# ....
..+...... ..... #.#...<..
......###########.####+#.
......†.@{...........#.#.
############+#.##......#.
#......(..####..###
#.....@...+........
#.........#####..##
#.........# ##.##
#..(......#####....
######.##........#. ..
.######'#.


There were no monsters in sight!

Vanquished Creatures
  2 worms (D:2)
  2 leopard geckos
  A giant cockroach (D:1)
  5 goblins
  5 hobgoblins
  6 jackals
  4 kobolds
  2 ball pythons (D:1)
  3 bats
  4 frilled lizards
  4 rats
38 creatures vanquished.

Notes
Turn   | Place    | Note
-------+----------+-------------------------------------------
     0 | D:1      | gruber the Gargoyle Gladiator began the quest for the Orb.
     0 | D:1      | Reached XP level 1. HP: 12/12 MP: 1/1
   336 | D:1      | Reached XP level 2. HP: 13/18 MP: 2/2
   338 | D:1      | Reached skill level 3 in Fighting
   786 | D:1      | Reached XP level 3. HP: 22/24 MP: 3/3
  1168 | D:2      | Reached skill level 4 in Fighting
  1421 | D:2      | Reached skill level 1 in Armour
  1609 | D:2      | Found an ornate altar of the Wu Jian Council.
  1630 | D:2      | Noticed Sigmund
  1670 | D:2      | Slain by Sigmund

Illustrated notes

Levels and vault maps discovered:
D:1:      scummos_arrival_hexagon, layout_loops_ring,
          chequers_serial_rivers_micro_e
D:2:      layout_basic, grunt_temple_overflow_open, lemuel_crystal_altar,
          first_ration, minivault_19, kennysheep_generic_room_16, uniq_sigmund

Skill      XL: |  1  2  3 |
---------------+----------+-----
Fighting       | 3 4 |  4.0
Armour         | 1 |  1.4
Staves         | |  3.0
Throwing       | |  1.7
Dodging        | |  2.4

Action                   || total
-------------------------++-------
Melee: Quarterstaff      ||    23
       Dagger            ||   132
Throw: Throwing net      ||     3
  Use: Potion            ||     1
 Stab: Held in net/web   ||     1
  Eat: Chunk             ||     2
Armor: Leather armour    ||    26
       Ring mail         ||    26
Dodge: Dodged            ||    83
